 Dungeon Crawl Stone Soup version 0.30-a0-782-ge64f9170bb (webtiles) character file.

Game seed: 9609258316526897865

100 Leeroy the Slasher (level 4, -4/49 HPs)
             Began as a Merfolk Gladiator on Feb 25, 2023.
             Slain by an orc
             ... wielding a +0 trident
              (5 damage)
             ... on level 3 of the Dungeon.
             The game lasted 00:01:52 (2114 turns).

Leeroy the Slasher (Merfolk Gladiator)              Turns: 2114, Time: 00:01:53

Health: -4/49      AC: 22    Str: 14    XL:     4   Next: 74%
Magic:  12/13      EV:  2    Int:  7    God:
Gold:   125        SH:  0    Dex: 17    Spells: 1/3 levels left

rFire   . . .      SeeInvis .    a - +0 long sword
rCold   . . .      Faith    .    (no shield)
rNeg    . . .      Spirit   .    (body armour currently unavailable)
rPois   +          Reflect  .    (helmet currently unavailable)
rElec   .          Harm     .    (cloak currently unavailable)
rCorr   .          Rampage  .    (gloves currently unavailable)
Will    .....      NoTele   +    (boots currently unavailable)
Stlth   ++                       (no amulet)
HPRegen 0.28/turn                k - ring of magical power
MPRegen 0.13/turn                (no ring)

@: tree-form
A: stationary, stasis, torment immunity, boosted hp, (nimble swimmer 2),
(mertail)
a: no special abilities


You were on level 3 of the Dungeon.
You were a tree.
You visited 1 branch of the dungeon, and saw 3 of its levels.

You collected 125 gold pieces.

Inventory:

Hand Weapons
 a - a +0 long sword (weapon)
Missiles
 d - 3 throwing nets (quivered)
 e - a javelin
 i - 5 atropa-tipped darts
Armour
 b - a +0 leather armour (melded)
 c - a +0 helmet (melded)
Jewellery
 k - a ring of magical power (left branch)
Scrolls
 g - 4 scrolls of teleportation {unknown}
 h - 4 scrolls of identify {unknown}
Potions
 f - a potion of curing {unknown}
 j - a potion of invisibility {unknown}
 l - 2 potions of haste {unknown}
 m - 2 potions of heal wounds {unknown}
 n - a potion of might {unknown}
 o - 2 potions of lignification
 p - a potion of attraction {unknown}
 q - a potion of brilliance {unknown}
 r - a potion of magic {unknown}


   Skills:
 - Level 2.1 Fighting
 + Level 6.4 Long Blades
 - Level 2.0 Throwing
 - Level 4.0 Dodging


You had one spell level left.
You knew the following spells:

 Your Spells              Type           Power      Damage    Failure   Level
a - Wereblood             Tmut           0%         N/A       56%         2

Your spell library contained the following spells:

 Spells                   Type           Power      Damage    Failure   Level
 Sublimation of Blood     Necr           0%         N/A       56%         2
 Summon Hydra             Summ           0%         N/A       100%        7


Dungeon Overview and Level Annotations

Branches:
Dungeon (3/15)

Altars:


Innate Abilities, Weirdness & Mutations

You are a tree.
Your roots penetrate the ground, keeping you stationary.
You cannot be teleported.
You are immune to unholy pain and torment.
Your maximum health is greatly increased.
Your equipment is partially melded.
((You are very nimble when in or above water. (Stealth+, EV+, Speed+++)))
((Your lower body shifts to a powerful aquatic tail in water.))


Message History

The orc hits you from afar with a +0 trident.
You hear some strange, mumbled words.
You are confused.
You slash something!
The orc hits you from afar with a +0 trident.
* * * LOW HITPOINT WARNING * * *
Something hits you.
* * * LOW HITPOINT WARNING * * *
You bump into the rock wall.
The orc barely misses you. Something hits you but does no damage.
It was a potion of lignification.
You turn into a tree.
Your +0 helmet melds into your body.
Your +0 leather armour melds into your body.
Your roots penetrate the ground.
The orc hits you but does no damage. Something hits you but does no damage.
You cannot move. (Use ctrl+direction or * direction to attack while stationary and confused.)
You cannot move. (Use ctrl+direction or * direction to attack while stationary and confused.)
You cannot move. (Use ctrl+direction or * direction to attack while stationary and confused.)
You attack the rock wall.
The orc hits you from afar with a +0 trident.
* * * LOW HITPOINT WARNING * * *
Something hits you but does no damage.
You attack the rock wall.
You feel less confused.
The orc hits you from afar with a +0 trident.
* * * LOW HITPOINT WARNING * * *
Something hits you but does no damage.
You barely miss something. The orc hits you but does no damage.
Something hits you but does no damage.
You miss something. The orc hits you but does no damage.
You hear some strange, mumbled words.
A magic dart appears from out of thin air!
The magic dart hits you but does no damage.
You slash something!
Reactivating autopickup.
You feel a bit more experienced.
The orc hits you from afar with a +0 trident.
* * * LOW HITPOINT WARNING * * *
The orc hits you from afar with a +0 trident.
You die...

#.# #.# #.# #.#
##.# #..# ##.##
#####...########
#.)♣............
#o###...########
#. ##.## #. #.#
# #. #.# # #o
#.# ##### #o
#.###...# #.
#.....#.#
#####<..#


You could see an orc.

Vanquished Creatures
  An orc wizard (D:3)
  3 gnolls
  2 worms
  An orc (D:3)
  2 ball pythons (D:1)
  7 endoplasms
  2 giant cockroaches (D:1)
  6 goblins
  6 hobgoblins
  3 jackals (D:1)
  2 quokkas
  6 bats
  3 frilled lizards
  9 kobolds
  8 rats
61 creatures vanquished.

Vanquished Creatures (others)
  A plant (D:1)
  4 withered plants (D:1)
5 creatures vanquished.

Grand Total: 66 creatures vanquished

Notes
Turn   | Place    | Note
-------+----------+-------------------------------------------
     0 | D:1      | Leeroy the Merfolk Gladiator began the quest for the Orb.
     0 | D:1      | Reached XP level 1. HP: 16/16 MP: 1/1
    93 | D:1      | Reached skill level 4 in Long Blades
   107 | D:1      | Reached XP level 2. HP: 22/22 MP: 2/2
   378 | D:1      | Found a faded altar of an unknown god.
   470 | D:1      | Reached XP level 3. HP: 14/27 MP: 3/3
   472 | D:1      | Reached skill level 5 in Long Blades
  1025 | D:1      | Reached XP level 4. HP: 19/33 MP: 4/4
  1095 | D:2      | Reached skill level 6 in Long Blades
  2089 | D:3      | Learned a level 2 spell: Wereblood
  2114 | D:3      | HP: 1/49 [orc/+0 trident (6)]
  2114 | D:3      | Slain by an orc

Illustrated notes

Levels and vault maps discovered:
D:1:      dpeg_arrival_solitude, layout_loops_ring,
          shapermc_ecumenical_altar_flowoftime, minmay_domino_4
D:2:      layout_rooms, serial_corexii_hall, corexii_hall_statues_i,
          chequers_hall_statues_wall_a
D:3:      layout_loops_ring

Skill      XL: |  1  2  3  4 |
---------------+-------------+-----
Long Blades    | 4 5 6 |  6.4
Fighting       | |  2.1
Throwing       | |  2.0
Dodging        | |  4.0

Action                     |  1- 3 |  4- 6 || total
---------------------------+-------+-------++-------
  Melee: Long sword        |   125 |    91 ||   216
         Punch             |     2 |     1 ||     3
    Use: Potion            |       |     1 ||     1
   Stab: Sleeping          |     1 |     1 ||     2
 Armour: Leather armour    |    42 |    26 ||    68
         Skin              |       |     8 ||     8
  Dodge: Dodged            |   103 |    58 ||   161

Table legend: (Time is in decaauts)
 A = Elapsed time spent in this place.
 B = Non-inter-level travel time spent in this place.
 C = Inter-level travel time spent in this place.
 D = Time resting spent in this place.
 E = Time spent auto-exploring this place.
 F = Levels seen in this place.
 G = Mean time per level.
                   A        B        C        D        E       F      G
               +--------+--------+--------+--------+--------+-----+--------+
         Total |   2143 |   2104 |     39 |     81 |   1577 |   3 |  714.3 |
       Dungeon |   2143 |   2104 |     39 |     81 |   1577 |   3 |  714.3 |
               +--------+--------+--------+--------+--------+-----+--------+

Top non-repeatable levels by time:
     D:1: 1095 daAuts
     D:2: 588 daAuts
     D:3: 459 daAuts
